 Dungeon Crawl Stone Soup version 0.14-a0-3194-g0089908 (webtiles) character file.

81 MackTheKnife the Magician (level 2, 0/20 HPs)
             Began as a Demigod Wanderer on Mar 11, 2014.
             Slain by a hobgoblin
             ... wielding a +0,+0 club
              (4 damage)
             ... on Level 1 of the Dungeon.
             The game lasted 00:01:51 (937 turns).

MackTheKnife the Magician (Demigod Wanderer)         Turns: 937, Time: 00:01:51

HP   0/20        AC  2     Str 14      XL: 2   Next: 66%
MP  10/10        EV 11     Int 18      God:
Gold 56          SH  0     Dex 15      Spells:  3 memorised,  4 levels left

rFire  . . .     SeeInvis .     h - +2 dagger (drain)
rCold  . . .     Clarity  .     b - +0 robe
rNeg   . . .     Conserve .     (no shield)
rPois  .         rCorr    .     (no helmet)
rElec  .         rRot     .     (no cloak)
SustAb . .       Spirit   .     (no gloves)
rMut   .         Warding  .     (no boots)
Saprov . . .     Stasis   .     (no amulet)
MR     .....                    (no ring)
                                (no ring)

@: not resistant to hostile enchantments, unstealthy
A: no striking features
a: no special abilities


You were on level 1 of the Dungeon.
You were not hungry.

You visited 1 branch of the dungeon, and saw 1 of its levels.

You collected 56 gold pieces.


   Skills:
 - Level 1.0 Throwing
 + Level 4.0 Spellcasting
 + Level 3.0 Conjurations
   Level 1.0 Hexes
 + Level 0.6 Summonings
   Level 1.0 Evocations


You had 4 spell levels left.
You knew the following spells:

 Your Spells              Type           Power        Failure   Level  Hunger
d - Repel Missiles        Chrm/Air       #.....       21%         2    ##.....
x - Call Imp              Summ           #.........   17%         2    ##.....
z - Magic Dart            Conj           ##..         4%          1    None

Inventory:

Hand weapons
 h - a +2,+2 dagger of draining (weapon)
Armour
 b - a +0 robe (worn)
Comestibles
 d - a bread ration
 k - a meat ration
Scrolls
 c - a scroll of enchant armour {unknown}
 e - 2 scrolls of identify {unknown}
 g - a scroll of random uselessness {unknown}
 j - a scroll of enchant weapon II {unknown}
Potions
 f - a potion of curing {unknown}
 i - a potion of cure mutation {unknown}
Books
 a - a book of Minor Magic

   Spells                             Type                      Level
   *Magic Dart                        Conjuration                  1
   Blink                              Translocation                2
   *Call Imp                          Summoning                    2
   *Repel Missiles                    Charms/Air                   2
   Slow                               Hexes                        2
   Conjure Flame                      Conjuration/Fire             3
   Mephitic Cloud                     Conjuration/Poison/Air       3

········▒ ▒·▒ ▒·)·▒
········▒▒ ▒·▒ ▒···▒
·········▒▒▒·▒▒▒▒···▒
···>················▒▒▒
·········▒▒···········▒
·········▒▒··▒▒···(···▒
·········▒▒···········▒
········▒▒▒▒·▒▒·······▒
▒▒▒·▒▒▒▒▒ ▒·····@·▒▒▒▒▒
▒▒▒·▒ ··r··▒▒▒▒g▒ ····▒
▒▒▒·▒▒ ▒·▒ ▒▒▒▒▒ ▒· ▒·▒
▒· ▒(▒ ▒· ▒·▒ ▒·▒ ▒ ▒·▒
· ▒·▒


You could see a hobgoblin and a rat.


Message History

You now have 56 gold pieces (gained 16).
You open the door.
There is an open door here.
HP restored.
A hobgoblin comes into view. It is wielding a club.
A hobgoblin is nearby!
The hobgoblin shouts!
The hobgoblin throws an exploding dart.
The exploding dart hits you!
The exploding dart explodes!
The explosion of dart fragments engulfs you!
The hobgoblin throws an exploding dart.
The exploding dart misses you.
The exploding dart explodes!
The explosion of dart fragments engulfs you!
The hobgoblin throws an exploding dart.
The exploding dart hits you!
The exploding dart explodes!
The explosion of dart fragments engulfs you!
* * * LOW HITPOINT WARNING * * *
The hobgoblin misses you.
You hit the hobgoblin. You drain the hobgoblin!
The hobgoblin hits you with a club.
* * * LOW HITPOINT WARNING * * *
You barely miss the hobgoblin. The hobgoblin misses you.
A rat comes into view.
There are monsters nearby!
You hit the hobgoblin but do no damage. You drain the hobgoblin!
The hobgoblin hits you with a club.
* * * LOW HITPOINT WARNING * * *
You closely miss the hobgoblin. You hit the hobgoblin but do no damage.
The hobgoblin hits you with a club.
You die...

Action                   || total
-------------------------++-------
Melee: Club              ||    19
       Dagger            ||    17
 Cast: Magic Dart        ||    31

Vault maps used:
D:1:      minmay_arrival_four_houses

Notes
Turn   | Place    | Note
--------------------------------------------------------------
     0 | D:1      | MackTheKnife, the Demigod Wanderer, began the quest for the Orb.
     0 | D:1      | Reached XP level 1. HP: 14/14 MP: 7/7
     2 | D:1      | Learned a level 1 spell: Magic Dart
   651 | D:1      | Reached XP level 2. HP: 20/20 MP: 5/9
   704 | D:1      | Learned a level 2 spell: Call Imp
   719 | D:1      | Reached skill level 4 in Spellcasting
   820 | D:1      | Reached skill level 3 in Conjurations
   829 | D:1      | Learned a level 2 spell: Repel Missiles
   937 | D:1      | Slain by a hobgoblin

Vanquished Creatures
  A ball python (D:1)
  A giant cockroach (D:1)
  4 goblins (D:1)
  4 hobgoblins (D:1)
  5 kobolds (D:1)
  3 bats (D:1)
  2 giant newts (D:1)
  4 rats (D:1)
24 creatures vanquished.
